 Dungeon Crawl Stone Soup version 0.23.2-40-g277498a001 (webtiles) character file.

Game seed: 10159560377694529747

44 Pocketmage the Skirmisher (level 3, -3/33 HPs)
             Began as a Ghoul Monk on Sept 18, 2019.
             Slain by a hobgoblin (4 damage)
             ... led by Robin
             ... on level 1 of the Dungeon.
             The game lasted 00:05:21 (1783 turns).

Pocketmage the Skirmisher (Ghoul Monk)              Turns: 1783, Time: 00:05:22

Health: -3/33      AC:  2    Str: 15    XL:     3   Next: 62%
Magic:  11/11      EV: 13    Int:  5    God:
Gold:   29         SH:  0    Dex: 11    Spells: 2/2 levels left

rFire    . . .     SeeInvis .     - Unarmed
rCold    + . .     Gourm    .   (no shield)
rNeg     + + +     Faith    .   a - +0 robe
rPois    ∞         Spirit   .   (no helmet)
rElec    .         Reflect  .   (no cloak)
rCorr    .         Harm     .   (no gloves)
MR       .....                  (no boots)
Stlth    ++........             (no amulet)
HPRegen  0.00/turn              h - ring of magical power
MPRegen  0.12/turn              (no ring)

@: rotting
A: rotting body, claws 1, carnivore, cold resistance 1, negative energy
resistance 3, inhibited regeneration, torment resistance, unbreathing
a: no special abilities


You were on level 1 of the Dungeon.
You were not hungry.

You visited 1 branch of the dungeon, and saw 2 of its levels.

You collected 29 gold pieces.

Inventory:

Hand Weapons
 e - a +2 short sword of venom
Armour
 a - a +0 robe (worn)
 n - a +0 plate armour
Jewellery
 h - a ring of magical power (left claw)
Scrolls
 c - a scroll of blinking {unknown}
 d - a scroll of remove curse {unknown}
 f - a scroll of identify {unknown}
 i - a scroll of enchant weapon {unknown}
 j - a scroll of immolation {unknown}
 m - 4 scrolls of magic mapping {unknown}
 o - a scroll of fear {unknown}
Potions
 g - a potion of haste {unknown}
 k - a potion of curing {unknown}
Comestibles
 b - a ration


   Skills:
 + Level 3.9 Fighting
 + Level 3.2 Dodging
 - Level 2.1 Stealth
 + Level 3.9 Unarmed Combat


You had 2 spell levels left.
You didn't know any spells.
Your spell library was empty.

Dungeon Overview and Level Annotations

Branches:
Dungeon (2/15)

Altars:

Annotations:
D:1 Robin


Innate Abilities, Weirdness & Mutations

Your body is rotting away.
You thrive on raw meat.
You are immune to poison.
You have sharp fingernails.
You are carnivorous and can eat meat at any time.
Your flesh is cold resistant. (rC+)
You are immune to negative energy. (rN+++)
You do not regenerate when monsters are visible.
You are immune to unholy pain and torment.
You can survive without breathing.


Message History

The hobgoblin misses you. The hobgoblin hits you.
* * * LOW HITPOINT WARNING * * *
Robin hits you with a +0 club.
* * * LOW HITPOINT WARNING * * *
Okay, then.
You closely miss the hobgoblin.
The hobgoblin is moderately wounded.
The hobgoblin barely misses you. x2
Robin flexes a bicep menacingly.
Robin hits you with a +0 club.
* * * LOW HITPOINT WARNING * * *
You scratch the hobgoblin but do no damage.
The hobgoblin is moderately wounded.
The hobgoblin closely misses you. The hobgoblin barely misses you.
Robin roars a battlecry!
The hobgoblins go into a battle-frenzy!
You barely miss the hobgoblin.
The hobgoblin is moderately wounded.
The hobgoblin hits you.
You die...

......##.####.#....≈≈≈≈≈≈≈≈≈≈≈≈≈≈
...#####......#.≈≈≈.≈≈#≈≈≈≈≈≈####
...## #......#≈≈≈#.≈≈#≈≈≈≈###
....# #......#≈≈≈#≈.≈#≈≈≈## #...#
#.####.#≈≈≈#≈.≈#≈≈≈# ....####.#
#.#≈≈≈#≈.≈#≈≈≈#
.........####.#≈≈≈#.≈≈#≈≈≈#
............#.#...#...#...#
............#.#g@g#...#...####
............#.##g##...#...##.####
.(.......####.#..###..#...#...#..
.........# #.#....#'##...#...#.>
.........# #.##...g..##'###'##..
.........# #..###...........###'
....#########....#####...........
...........##.##.....######.....<
....####...##.######......#######


You could see Robin and 2 hobgoblins.

Vanquished Creatures
  2 gnolls
  2 giant cockroaches
  3 hobgoblins
  2 kobolds (D:1)
  A quokka (D:2)
  3 bats
  A frilled lizard (D:1)
  8 goblins
  A rat (D:1)
23 creatures vanquished.

Notes
Turn   | Place    | Note
-------+----------+-------------------------------------------
     0 | D:1      | Pocketmage the Ghoul Monk began the quest for the Orb.
     0 | D:1      | Reached XP level 1. HP: 19/19 MP: 0/0
   253 | D:1      | Reached XP level 2. HP: 21/26 MP: 1/1
  1299 | D:1      | Reached XP level 3. HP: 21/33 MP: 2/2
  1558 | D:2      | Noticed Robin
  1781 | D:1      | HP: 1/33 [Robin/+0 club (4)]
  1783 | D:1      | Slain by a hobgoblin

Skill      XL: |  1  2 |
---------------+-------+-----
Dodging        | 3 |  3.2
Fighting       | |  3.9
Stealth        | |  2.1
Unarmed Combat | |  3.9

Action                   || total
-------------------------++-------
Melee: Unarmed           ||    73
 Stab: Sleeping          ||     2
  Eat: Chunk             ||     7
Armor: Robe              ||    11
Dodge: Dodged            ||    52
